 Dungeon Crawl Stone Soup version 0.25-b1-39-g0d900dab71 (webtiles) character file.

Game seed: 7399999284027225654

0 Esekla the Skirmisher (level 1, -4/23 HPs)
             Began as a Gnoll Abyssal Knight on June 7, 2020.
             Was a Follower of Lugonu.
             Slain by a sixfirhy (10 damage)
             ... on level 3 of the Abyss.
             The game lasted 00:01:16 (120 turns).

Esekla the Skirmisher (Gnoll Abyssal Knight)         Turns: 120, Time: 00:01:16

Health: -4/23      AC:  3    Str: 14    XL:     1   Next: 0%
Magic:  3/3        EV: 12    Int: 14    God:    Lugonu [*.....]
Gold:   70         SH:  0    Dex: 14    Spells: 0/0 levels left

rFire    . . .     SeeInvis .   a - +1 falchion
rCold    . . .     Gourm    .   (no shield)
rNeg     . . .     Faith    .   b - +0 leather armour
rPois    .         Spirit   .   (no helmet)
rElec    .         Reflect  .   (no cloak)
rCorr    .         Harm     .   (no gloves)
MR       .....                  (no boots)
Stlth    +.........             (no amulet)
HPRegen  0.07/turn              (no ring)
MPRegen  0.08/turn              (no ring)

@: no status effects
A: distributed training, fangs 1, strong nose
a: Depart the Abyss, Renounce Religion


You were on level 3 of the Abyss.
You worshipped Lugonu.
Lugonu was aware of your devotion.
You were not hungry.

You visited 0 branches of the dungeon, and saw 0 of its levels.
You visited the Abyss 1 time.

You collected 70 gold pieces.

Inventory:

Hand Weapons
 a - a +1 falchion (weapon)
Armour
 b - a +0 leather armour (worn)
Scrolls
 d - a scroll of enchant armour {unknown}
 e - a scroll of identify {unknown}
 f - a scroll of immolation {unknown}
 g - a scroll of noise {unknown}
Comestibles
 c - a ration


   Skills:
 + Level 6.4 Fighting
 + Level 0.0 Short Blades
 + Level 4.4 Long Blades
 + Level 0.0 Axes
 + Level 0.0 Maces & Flails
 + Level 0.0 Polearms
 + Level 0.0 Staves
 + Level 0.0 Slings
 + Level 0.0 Bows
 + Level 0.0 Crossbows
 + Level 0.0 Throwing
 + Level 4.4 Armour
 + Level 2.3 Dodging
 + Level 0.0 Stealth
 + Level 0.0 Shields
 + Level 0.0 Unarmed Combat
 + Level 0.0 Spellcasting
 + Level 0.0 Conjurations
 + Level 0.0 Hexes
 + Level 0.0 Charms
 + Level 0.0 Summonings
 + Level 0.0 Necromancy
 + Level 0.0 Translocations
 + Level 0.0 Transmutations
 + Level 0.0 Fire Magic
 + Level 0.0 Ice Magic
 + Level 0.0 Air Magic
 + Level 0.0 Earth Magic
 + Level 0.0 Poison Magic
 + Level 4.4 Invocations
 + Level 0.0 Evocations


You couldn't memorise any spells.
You didn't know any spells.
Your spell library was empty.

Dungeon Overview and Level Annotations

Branches:
Dungeon (0/15)

Altars:


Innate Abilities, Weirdness & Mutations

Your experience applies equally to all skills.
You have very sharp teeth.
Your uncanny sense of smell can sniff out nearby items.


Message History

Found a scroll labeled VODDUSHR KOTUKADI.
Found 48 gold pieces.
g - a scroll labeled VODDUSHR KOTUKADI
Found a mace.
You now have 70 gold pieces (gained 48).
A tentacled starspawn comes into view.
A large abomination comes into view.
Tentacles burst from the starspawn's body! 2 starspawn tentacles come into view.
There is a gateway leading deeper into the Abyss here.
You plunge deeper into the Abyss.
The abyssal rune of Zot can be found at this depth.
Found a scroll labeled ACA KOHUBLOMO.
Found a coppery potion and a fuming silvery potion.
A sixfirhy comes into view.
You closely miss the sixfirhy. Your bite misses the sixfirhy.
The sixfirhy hits you. The sixfirhy shocks you! The sixfirhy hits you.
* * * LOW HITPOINT WARNING * * *
The sixfirhy shocks you!
You die...

.### ...## .≈#. .
.... ..........≈ ..
... ..........≈ #.#
.. .........
###..#.##........#.≈
#..#....#.......#..≈
#.....#@3..# .... .≈
#......#!###......#
..#..#...###.#
#...###.#...#
#.#......#..#
#.....#.#.#.#
.....##...#... ..#.#
##...##.. #.. ..#..
#...


You could see a sixfirhy.

Vanquished Creatures (others)
  2 starspawn tentacles (Abyss:2)
2 creatures vanquished.

Notes
Turn   | Place    | Note
-------+----------+-------------------------------------------
     0 | Abyss:1  | Esekla the Gnoll Abyssal Knight began the quest for the
                  | Orb.
     0 | Abyss:1  | Reached XP level 1. HP: 23/23 MP: 3/3
    56 | Abyss:1  | Noticed a ynoxinul
    98 | Abyss:2  | Noticed a tentacled starspawn
   105 | Abyss:2  | Noticed a large abomination
   117 | Abyss:3  | Noticed a sixfirhy
   120 | Abyss:3  | Slain by a sixfirhy

Illustrated notes

Levels and vault maps discovered:
Abyss:3:  doesnt_abyss_rune_brain_food

Action                   || total
-------------------------++-------
Melee: Falchion          ||     1
